 Seeded DCSS version 0.31-a0-277-g31ea1f65cc (webtiles) character file.

Game seed: 8917691805809255915 (custom seed)

168 bmack86 the Chopper (level 5, -2/45 HPs)
             Began as a Minotaur Fighter on July 15, 2023.
             Was an Initiate of Okawaru.
             Slain by a sky beast (6 damage)
             ... on level 4 of the Dungeon.
             The game lasted 00:04:49 (1798 turns).

bmack86 the Chopper (Minotaur Fighter)              Turns: 1798, Time: 00:04:50

Health: -2/45      AC: 13    Str: 22    XL:     5   Next: 24%
Magic:  4/4        EV:  6    Int:  5    God:    Okawaru [......]
Gold:   144        SH:  4    Dex: 10    Spells: 4/4 levels left

rFire   . . .        a - +0 war axe
rCold   . . .        c - +0 buckler
rNeg    . . .        m - +0 plate armour
rPois   .            (helmet restricted)
rElec   .            o - +0 cloak
rCorr   .            f - +0 pair of gloves
SInv    .            (no boots)
Will    .....        (no amulet) Stlth
                     (no ring)
HPRegen 0.27/turn    (no ring)
MPRegen 0.09/turn

%: no passive effects
@: no status effects
A: horns 2, retaliatory headbutt
a: Renounce Religion


You were on level 4 of the Dungeon.
You worshipped Okawaru.
Okawaru was noncommittal.
You visited 2 branches of the dungeon, and saw 5 of its levels.

You collected 144 gold pieces.

Inventory:

Hand Weapons
 a - a +0 war axe (weapon)
Armour
 b - a +0 scale mail
 c - a +0 buckler (worn)
 f - a +0 pair of gloves (worn)
 m - a +0 plate armour (worn)
 o - a +0 cloak (worn)
Jewellery
 e - a ring of flight
Scrolls
 g - 2 scrolls of identify {unknown}
 i - 2 scrolls of poison {unknown}
 j - a scroll of vulnerability {unknown}
 k - 2 scrolls of immolation {unknown}
 n - a scroll of brand weapon {unknown}
 p - a scroll of enchant weapon {unknown}
Potions
 d - a potion of might
 h - a potion of enlightenment {unknown}
 l - a potion of curing {unknown}


   Skills:
 - Level 3.6 Fighting
 + Level 6.7 Axes
 - Level 3.6 Armour
 - Level 3.6 Shields


You had 4 spell levels left.
You didn't know any spells.
Your spell library contained the following spells:

 Spells                   Type           Power      Damage    Failure   Level
 Ensorcelled Hibernation  Hex/Ice        0%         N/A       100%        2
 Passwall                 Tmut/Erth      0%         N/A       100%        2
 Swiftness                Air            0%         N/A       100%        3


Dungeon Overview and Level Annotations

Branches:
Dungeon (4/15)             Temple (1/1) D:4

Altars:
Ashenzari
Cheibriados
Dithmenos
Fedhas
Hepliaklqana
Makhleb
Nemelex Xobeh
Okawaru
Qazlal
Ru
Trog
Vehumet
Wu Jian
Xom
Yredelemnul
Zin
The Shining One

Shops:
D:1 (   D:4 [


Innate Abilities, Weirdness & Mutations

You have a pair of horns on your head.
You reflexively headbutt those who attack you in melee.


Message History

You slash something! Something hits you but does no damage.
You hit something but do no damage. Something hits you but does no damage.
You closely miss something. Something hits you but does no damage.
You barely miss something. Your headbutt misses something. Something hits you.
Something shocks you. Something hits you but does no damage.
You barely miss something. Something hits you. Something shocks you.
You closely miss something. Your headbutt misses something.
A sky beast appears from thin air!
Reactivating autopickup.
The sky beast hits you but does no damage.
You hit the sky beast. Your headbutt misses the sky beast.
The sky beast is heavily wounded.
The sky beast hits you. The sky beast shocks you.
You hit the sky beast but do no damage.
The sky beast is heavily wounded.
The sky beast hits you. The sky beast shocks you.
You hit the sky beast.
The sky beast is almost dead.
The sky beast hits you.
* * * LOW HITPOINT WARNING * * *
The sky beast shocks you.
* * * LOW HITPOINT WARNING * * *
The sky beast hits you but does no damage.
You barely miss the sky beast. Your headbutt misses the sky beast.
The sky beast is almost dead.
The sky beast hits you but does no damage.
You barely miss the sky beast. Your headbutt misses the sky beast.
The sky beast is severely wounded.
The sky beast hits you but does no damage.
You closely miss the sky beast. Your headbutt misses the sky beast.
The sky beast is severely wounded.
The sky beast flickers out of sight!
Deactivating autopickup; reactivate with Ctrl-A.
Something hits you but does no damage.
You completely miss something. Something hits you but does no damage.
You miss something. Something hits you but does no damage.
You closely miss something. Your headbutt misses something. Something hits you.
* * * LOW HITPOINT WARNING * * *
Something shocks you.
You die...

.###.## .#..## ....!
....... .... .....###
.###### #..# #......
.##.# #..# #....#
.##.######..# #....#
###.........###....#####
........................
##......................
....###.##..##..@{......
....###.##..##.....#####
...................#
#.......###.#.##.###
....###.# #.#.##.# ##..#
#.# #.#.##.# ##'####
..#. #.# ......# # ..
#.# ......#.#


There were no monsters in sight!

Vanquished Creatures
  A jelly (D:4)
  4 gnolls
  3 adders
  A worm (D:4)
  3 dart slugs (D:1)
  10 ball pythons
  6 bats
  5 endoplasms
  2 giant cockroaches (D:1)
  8 goblins
  5 hobgoblins
  A quokka (D:2)
  2 frilled lizards (D:2)
  8 kobolds
  3 rats
62 creatures vanquished.

Notes
Turn   | Place    | Note
-------+----------+-------------------------------------------
     0 | D:1      | bmack86 the Minotaur Fighter began the quest for the Orb.
     0 | D:1      | Reached XP level 1. HP: 19/19 MP: 0/0
    22 | D:1      | Found Duod's Antique Weapon Shoppe.
    28 | D:1      | Reached skill level 3 in Axes
    71 | D:1      | Reached XP level 2. HP: 25/26 MP: 1/1
   210 | D:1      | Reached skill level 4 in Axes
   271 | D:1      | Reached XP level 3. HP: 30/31 MP: 2/2
   573 | D:2      | Found a faded altar of an unknown god.
   843 | D:2      | Reached skill level 5 in Axes
   956 | D:2      | Found a stormy altar of Qazlal.
  1024 | D:2      | Reached XP level 4. HP: 37/39 MP: 3/3
  1308 | D:4      | Found Rugem's Antique Armour Shoppe.
  1348 | D:4      | Reached skill level 6 in Axes
  1365 | D:4      | Reached XP level 5. HP: 42/45 MP: 4/4
  1374 | D:4      | Found a staircase to the Ecumenical Temple.
  1380 | Temple   | Entered the Ecumenical Temple
  1380 | Temple   | Found a transporter.
  1380 | Temple   | Found a transporter.
  1383 | Temple   | Found a transporter.
  1383 | Temple   | Found a transporter.
  1421 | Temple   | Became a worshipper of Warmaster Okawaru
  1775 | D:4      | Noticed a sky beast
  1798 | D:4      | Slain by a sky beast

Illustrated notes

Levels and vault maps discovered:
D:1:      psy_arrival_statuary, layout_basic, serial_shops, shop,
          minmay_pentomino_q4
D:2:      layout_basic, shapermc_ecumenical_altar_ellora, basic_altar
D:3:      lemuel_castle_with_subvaults [lemuel_castle_interior_carwin_2],
          layout_basic, uniq_grinder, uniq_robin
D:4:      layout_basic, temple_green, serial_shops, shop
Temple:   hellmonk_temple_divided_pantheon

Skill      XL: |  1  2  3  4 |
---------------+-------------+-----
Axes           | 3 4 5 6 |  6.7
Fighting       | |  3.6
Armour         | |  3.6
Shields        | |  3.6

Action                     |  1- 3 |  4- 6 || total
---------------------------+-------+-------++-------
  Melee: War axe           |    64 |    56 ||   120
         Headbutt          |     6 |     9 ||    15
 Armour: Scale mail        |    34 |     2 ||    36
         Plate armour      |       |    35 ||    35
  Dodge: Dodged            |    34 |    15 ||    49
  Block: Buckler           |    16 |    12 ||    28

Table legend: (Time is in decaauts)
 A = Elapsed time spent in this place.
 B = Non-inter-level travel time spent in this place.
 C = Inter-level travel time spent in this place.
 D = Time resting spent in this place.
 E = Time spent auto-exploring this place.
 F = Levels seen in this place.
 G = Mean time per level.
                   A        B        C        D        E       F      G
               +--------+--------+--------+--------+--------+-----+--------+
         Total |   1829 |   1786 |     43 |      0 |   1092 |   5 |  365.8 |
       Dungeon |   1771 |   1728 |     43 |      0 |   1092 |   4 |  442.8 |
        Temple |     58 |     58 |      0 |      0 |      0 |   1 |   58.0 |
               +--------+--------+--------+--------+--------+-----+--------+

Top non-repeatable levels by time:
     D:2: 721 daAuts
     D:1: 556 daAuts
     D:4: 447 daAuts
  Temple: 58 daAuts
     D:3: 46 daAuts
